 Dungeon Crawl Stone Soup version 0.24.0-13-gcf9b3192b9 (webtiles) character file.

Game seed: 12127050544759723823, levelgen mode: deterministic

53 Delamore the Chopper (level 3, -1/31 HPs)
             Began as a Hill Orc Monk on Nov 7, 2019.
             Slain by a gnoll
             ... wielding a +0 flail
              (10 damage)
             ... on level 2 of the Dungeon.
             The game lasted 00:02:18 (2107 turns).

Delamore the Chopper (Hill Orc Monk)                Turns: 2107, Time: 00:02:19

Health: -1/31      AC:  4    Str: 18    XL:     3   Next: 89%
Magic:  3/3        EV: 12    Int: 10    God:
Gold:   58         SH:  0    Dex: 13    Spells: 2/2 levels left

rFire    . . .     SeeInvis .   a - +0 hand axe
rCold    . . .     Gourm    .   (no shield)
rNeg     . . .     Faith    .   f - +0 leather armour
rPois    .         Spirit   .   (no helmet)
rElec    .         Reflect  .   (no cloak)
rCorr    .         Harm     .   (no gloves)
MR       .....                  m - +0 pair of boots
Stlth    ++........             (no amulet)
HPRegen  0.10/turn              n - +4 ring of strength
MPRegen  0.08/turn              (no ring)

@: no status effects
A: no striking features
a: no special abilities


You were on level 2 of the Dungeon.
You were near starving.

You visited 1 branch of the dungeon, and saw 2 of its levels.

You collected 58 gold pieces.

Inventory:

Hand Weapons
 a - a +0 hand axe (weapon)
Armour
 b - a +0 robe
 f - a +0 leather armour (worn)
 m - a +0 pair of boots (worn)
Jewellery
 n - a +4 ring of strength (left hand)
Scrolls
 e - 2 scrolls of amnesia {unknown}
 g - a scroll of random uselessness {unknown}
 h - 2 scrolls of remove curse {unknown}
 j - a scroll of teleportation {unknown}
Potions
 d - 2 potions of lignification
 i - a potion of ambrosia
 k - a potion of degeneration {unknown}
 l - a potion of brilliance {unknown}
 o - a potion of magic {unknown}
Comestibles
 c - 6 rations


   Skills:
 - Level 3.6 Fighting
 + Level 6.0 Axes
 - Level 1.0 Armour
 - Level 2.4 Dodging
 - Level 1.5 Stealth


You had 2 spell levels left.
You didn't know any spells.
Your spell library was empty.

Dungeon Overview and Level Annotations

Branches:
Dungeon (2/15)

Altars:


Message History

The gnoll is severely wounded.
The gnoll closely misses you.
You hit the gnoll but do no damage.
The gnoll is severely wounded.
The gnoll barely misses you. x2
You hit the gnoll.
The gnoll is almost dead.
The gnoll barely misses you.
You hit the gnoll.
The gnoll is almost dead.
The gnoll hits you from afar with a +0 halberd.
The gnoll misses you.
You closely miss the gnoll.
The gnoll is almost dead.
The gnoll closely misses you. The gnoll hits you with a +0 flail.
* * * LOW HITPOINT WARNING * * *
You completely miss the gnoll.
The gnoll is almost dead.
The gnoll misses you. The gnoll hits you with a +0 flail!
You die...

.# #.....# .#
#.#.#.##. .#
#........# .#
#.###.##.## # .#
#(....##... .# .#
#.###.##..## .# ##
#.......... ..###
#.######..##g..... #.#
#.†@gg..#
#.######.####.##
#........# ##########
######### #.#
#.......# #.# #
#.#####.# #####.# ..
#.#####)###...#.#
###.#
#.##............##....


You could see 3 gnolls.

Vanquished Creatures
  An adder (D:2)
  A worm (D:2)
  3 leopard geckos
  A ball python (D:1)
  4 bats
  4 goblins
  8 hobgoblins
  3 jackals (D:1)
  5 kobolds
  3 frilled lizards
  4 rats
37 creatures vanquished.

Notes
Turn   | Place    | Note
-------+----------+-------------------------------------------
     0 | D:1      | Delamore the Hill Orc Monk began the quest for the Orb.
     0 | D:1      | Reached XP level 1. HP: 19/19 MP: 1/1
   162 | D:1      | Reached XP level 2. HP: 22/26 MP: 2/2
   652 | D:1      | Reached skill level 5 in Axes
   720 | D:1      | Reached XP level 3. HP: 12/31 MP: 3/3
  1134 | D:1      | Reached skill level 1 in Armour
  1789 | D:2      | HP: 2/46 [poisoned by an adder]
  2039 | D:2      | Reached skill level 6 in Axes
  2107 | D:2      | Slain by a gnoll

Levels and vault maps discovered:
D:1:      lemuel_arrival_broad_hall, layout_rooms, serial_co_window_serial,
          co_window_of_opportunity_a, co_window_paths_a, co_window_corner_a,
          co_window_corner_a, co_window_corner_a, co_window_corner_cb,
          co_window_corner_cb, co_window_broadway_b, co_window_cross_4,
          co_window_2corner, co_window_corner_b, co_window_corner_ca,
          co_window_4corner_a, glass_columns_b, glass_columns_a, glass_columns_a
D:2:      layout_loops_corners, minitemple

Skill      XL: |  1  2  3 |
---------------+----------+-----
Axes           | 5 6 |  6.0
Armour         | 1 |  1.0
Fighting       | |  3.6
Dodging        | |  2.4
Stealth        | |  1.5

Action                   || total
-------------------------++-------
Melee: Hand axe          ||   158
  Use: Potion            ||     2
 Stab: Sleeping          ||     2
  Eat: Chunk             ||     2
Armor: Leather armour    ||    35
       Skin              ||     2
Dodge: Dodged            ||   110
